 Dungeon Crawl Stone Soup version 0.29-a0-284-gf9362112df (webtiles) character file.

Game seed: 154492981496996977

101 siradein the Caller (level 4, -1/32 HPs)
             Began as a Demonspawn Summoner on Mar 31, 2022.
             Slain by an orc
             ... wielding a +0 short sword
              (4 damage)
             ... on level 3 of the Dungeon.
             The game lasted 00:08:10 (3924 turns).

siradein the Caller (Demonspawn Summoner)           Turns: 3924, Time: 00:08:10

Health: -1/32      AC:  3    Str:  8    XL:     4   Next: 48%
Magic:  6/7        EV: 12    Int: 18    God:
Gold:   194        SH:  0    Dex: 14    Spells: 2/8 levels left

rFire   . . .      SeeInvis .   c - +0 spear
rCold   . . .      Faith    .   (no shield)
rNeg    . . .      Spirit   .   a - +0 robe
rPois   .          Reflect  .   (no helmet)
rElec   .          Harm     .   (no cloak)
rCorr   .          Rampage  .   d - +0 pair of gloves
Will    .....                   (no boots)
Stlth   ++........              (no amulet)
HPRegen 0.10/turn               (no ring)
MPRegen 0.10/turn               (no ring)

@: no status effects
A: demonic magic 1, weakness stinger 2
a: no special abilities


You were on level 3 of the Dungeon.
You visited 1 branch of the dungeon, and saw 3 of its levels.

You collected 194 gold pieces.

Inventory:

Hand Weapons
 c - a +0 spear (weapon)
Armour
 a - a +0 robe (worn)
 d - a +0 pair of gloves (worn)
Jewellery
 i - a ring of ice
Scrolls
 f - 6 scrolls of identify {unknown}
 g - a scroll of enchant armour {unknown}
 l - a scroll of teleportation {unknown}
 m - a scroll of fear {unknown}
 n - 2 scrolls of blinking {unknown}
 o - a scroll of amnesia {unknown}
 p - a scroll of magic mapping {unknown}
Potions
 b - 2 potions of magic
 e - 4 potions of curing {unknown}
 h - a potion of lignification {unknown}
 j - a potion of degeneration {unknown}
 k - 2 potions of brilliance {unknown}


   Skills:
 + Level 1.5 Fighting
 + Level 1.4 Polearms
 + Level 2.5 Dodging
 - Level 1.7 Stealth
 + Level 2.5 Spellcasting
 + Level 4.4 Summonings


You had 2 spell levels left.
You knew the following spells:

 Your Spells              Type           Power      Damage    Failure   Level
a - Summon Small Mammal   Summ           72%        N/A       2%          1
b - Call Imp              Summ           18%        N/A       4%          2
c - Call Canine Familiar  Summ           18%        N/A       9%          3

Your spell library contained the following spells:

 Spells                   Type           Power      Damage    Failure   Level
 Animate Skeleton         Necr           4%         N/A       17%         1
 Apportation              Tloc           4%         N/A       17%         1
 Blink                    Tloc           4%         N/A       26%         2
 Summon Guardian Golem    Hex/Summ       10%        N/A       21%         3
 Summon Lightning Spire   Summ/Air       10%        N/A       56%         4
 Cause Fear               Hex            1%         N/A       86%         4
 Manifold Assault         Tloc           2%         N/A       99%         5
 Dragon Form              Tmut           1%         N/A       100%        7
 Storm Form               Tmut/Air       1%         N/A       100%        7
 Dragon's Call            Summ           9%         N/A       100%        9


Dungeon Overview and Level Annotations

Branches:
Dungeon (3/15)

Altars:


Innate Abilities, Weirdness & Mutations

Spells you cast may paralyse adjacent enemies.
You have a tail ending in a sharp stinger.


Message History

The orc shouts!
An orc comes into view. It is wielding a +0 mace.
The orc shouts!
A beastly little devil appears in a puff of flame.
Your crimson imp says, "Let's cause disruption!"
Malevolent energies surge around you.
The orc suddenly stops moving!
The orc shouts!
The helpless orc fails to defend itself.
You hit the orc. You tail-slap the orc.
The orc is almost dead.
The helpless orc fails to defend itself.
You hit the orc.
You kill the orc!
You hit the orc but do no damage. The orc barely misses your crimson imp.
Your crimson imp closely misses the orc.
You barely miss the orc. The orc hits you with a +0 mace!
Your crimson imp hits the orc but does no damage.
You barely miss the orc. The orc hits you with a +0 mace.
Your crimson imp blinks!
You hit the orc but do no damage. The orc attacks as you move away!
The orc barely misses you. The orc attacks as you move away!
The orc barely misses you.
You hit the orc.
The orc is heavily wounded.
The orc barely misses you.
You closely miss the orc.
The orc is heavily wounded.
The orc hits you with a +0 mace. The orc hits you with a +0 short sword.
You are too injured to fight recklessly!
You are too injured to fight recklessly!
You hit the orc.
Your tail-slap misses the orc.
The orc is almost dead.
The orc hits you with a +0 mace. The orc hits you with a +0 short sword.
* * * LOW HITPOINT WARNING * * *
You hit the orc but do no damage.
The orc is almost dead.
The orc hits you with a +0 mace.
* * * LOW HITPOINT WARNING * * *
The orc hits you with a +0 short sword.
You die...

#..#..<..####.#.###.#
#....................
#####..#####.####.#...#.#
##..............##.##..#.#
#.......##########.###.#.#
#.......##########.###...#
#.........................
#.......o.........#####)##
##......5o@........# #.##
#........####.....## #..#
#...####)# #.....# ##.#
#...####.# #.....# #.#
#........####.....# #..
#.................########.
#..........................
#.................#########
#........(........# #


You could see 2 orcs and a friendly crimson imp (summoned).

Vanquished Creatures
  An adder (D:2)
  3 worms
  A dart slug (D:1)
  3 orcs (D:3)
  5 bats
  3 endoplasms
  2 giant cockroaches
  2 goblins
  2 hobgoblins
  A kobold (D:1)
  5 ball pythons
  2 frilled lizards
  5 rats
35 creatures vanquished.

Vanquished Creatures (collateral kills)
  An orc wizard (D:3)
  An adder (D:3)
  An orc (D:3)
  4 ball pythons
  A giant cockroach (D:2)
  A hobgoblin (D:1)
  2 goblins
  A rat (D:3)
12 creatures vanquished.

Grand Total: 47 creatures vanquished

Notes
Turn   | Place    | Note
-------+----------+-------------------------------------------
     0 | D:1      | siradein the Demonspawn Summoner began the quest for the
                  | Orb.
     0 | D:1      | Reached XP level 1. HP: 13/13 MP: 3/3
  1131 | D:1      | Gained mutation: You have a small tail. [demonic ancestry]
  1131 | D:1      | Reached XP level 2. HP: 20/20 MP: 3/5
  1197 | D:1      | Learned a level 2 spell: Call Imp
  1489 | D:2      | Found a faded altar of an unknown god.
  1503 | D:2      | Reached skill level 1 in Fighting
  1607 | D:2      | Gained mutation: You have a tail ending in a sharp stinger.
                  | [demonic ancestry]
  1607 | D:2      | Reached XP level 3. HP: 23/26 MP: 3/6
  1873 | D:2      | Reached skill level 1 in Polearms
  3040 | D:3      | Gained mutation: Spells you cast may paralyse adjacent
                  | enemies. [demonic ancestry]
  3040 | D:3      | Reached XP level 4. HP: 30/32 MP: 7/7
  3044 | D:3      | Learned a level 3 spell: Call Canine Familiar
  3924 | D:3      | Slain by an orc

Illustrated notes

Levels and vault maps discovered:
D:1:      shiori_shiawase, layout_loops_cross, skrybe_limestone_x
D:2:      layout_basic, shapermc_ecumenical_altar_starsandcircs,
          chequers_serial_rivers_large_a
D:3:      layout_basic

Skill      XL: |  1  2  3 |
---------------+----------+-----
Dodging        | 2 |  2.5
Fighting       | 1 |  1.5
Polearms       | 1 |  1.4
Stealth        | |  1.7
Spellcasting   | |  2.5
Summonings     | |  4.4

Action                   |  1- 3 |  4- 6 || total
-------------------------+-------+-------++-------
Melee: Spear             |   141 |    34 ||   175
       Tailslap          |    11 |     2 ||    13
       Punch             |     1 |       ||     1
 Cast: Summon Small Mamm |     9 |       ||     9
       Call Imp          |    19 |     9 ||    28
 Stab: Sleeping          |     7 |       ||     7
       Paralysed         |       |     5 ||     5
Armor: Robe              |    25 |     3 ||    28
Dodge: Dodged            |    61 |     9 ||    70

Table legend: (Time is in decaauts)
 A = Elapsed time spent in this place.
 B = Non-inter-level travel time spent in this place.
 C = Inter-level travel time spent in this place.
 D = Time resting spent in this place.
 E = Time spent auto-exploring this place.
 F = Levels seen in this place.
 G = Mean time per level.
                   A        B        C        D        E       F      G
               +--------+--------+--------+--------+--------+-----+--------+
         Total |   3950 |   3907 |     43 |      0 |   3352 |   3 | 1316.7 |
       Dungeon |   3950 |   3907 |     43 |      0 |   3352 |   3 | 1316.7 |
               +--------+--------+--------+--------+--------+-----+--------+

Top non-repeatable levels by time:
     D:3: 1396 daAuts
     D:1: 1394 daAuts
     D:2: 1159 daAuts
